 Dungeon Crawl Stone Soup version 0.31-a0-1338-gb567cfdca4 (webtiles) character file.

Game seed: 5481704362252511569

14636 grandjackal the Fighter (level 12, 0/139 HPs)
             Began as an Oni Gladiator on Dec 21, 2023.
             Was a Priest of Okawaru.
             Slain by a troll (12 damage)
             ... on level 11 of the Dungeon.
             The game lasted 00:17:12 (15350 turns).

grandjackal the Fighter (Oni Gladiator)            Turns: 15350, Time: 00:17:13

Health: 0/139      AC:  8    Str: 25    XL:     12   Next: 18%
Magic:  17/17      EV: 10    Int:  9    God:    Okawaru [***...]
Gold:   531        SH:  0    Dex: 10    Spells: 11/11 levels left

rFire   . . .        y - +6 war axe of Roijuwk {freeze, rC+}
rCold   + . .        (no shield)
rNeg    . . .        B - +0 acid dragon scales
rPois   .            c - +0 hat
rElec   .            H - +0 cloak
rCorr   +            (gloves unavailable)
SInv    .            (boots unavailable)
Will    +....        z - amulet of the acrobat
Stlth   +            (no ring)
HPRegen 0.43/turn    (no ring)
MPRegen 0.15/turn

%: acrobat
@: slowed, very slow
A: drunken brawling, large, unfitting armour, horns 1, tough skin 1, double
potion healing
a: Renounce Religion, Heroism


You were on level 11 of the Dungeon.
You worshipped Okawaru.
Okawaru was most pleased with you.
You visited 2 branches of the dungeon, and saw 12 of its levels.

You collected 531 gold pieces.

Inventory:

Hand Weapons
 y - the +6 war axe of Roijuwk (weapon) {freeze, rC+}
   (You found it on level 5 of the Dungeon)

   rC+:       It protects you from cold.
 C - a +5 giant club
 J - a +0 giant spiked club
 K - a +2 antimagic morningstar
Missiles
 d - 3 throwing nets (quivered)
 q - 8 large rocks
Armour
 a - a +2 robe of willpower
 c - a +0 hat (worn)
 B - +0 acid dragon scales (worn)
 H - a +0 cloak (worn)
 O - a +0 troll leather armour
Jewellery
 v - a +6 ring of intelligence
 z - an amulet of the acrobat (around neck)
 Q - an amulet of reflection
Wands
 b - a wand of iceblast (8)
 e - a wand of flame (23)
 s - a wand of mindburst (30)
 L - a wand of acid (8)
Scrolls
 f - 4 scrolls of poison {unknown}
 g - 6 scrolls of fear {unknown}
 h - 2 scrolls of immolation {unknown}
 k - 2 scrolls of vulnerability {unknown}
 n - a scroll of torment {unknown}
 o - 5 scrolls of identify {unknown}
 p - 5 scrolls of teleportation
 u - 3 scrolls of blinking {unknown}
 w - 2 scrolls of enchant armour {unknown}
 E - a scroll of revelation {unknown}
 F - a scroll of silence {unknown}
 P - a scroll of amnesia {unknown}
Potions
 i - 2 potions of ambrosia {unknown}
 j - 2 potions of brilliance
 l - 3 potions of haste {unknown}
 m - a potion of attraction {unknown}
 r - 2 potions of might {unknown}
 t - 2 potions of heal wounds
 x - a potion of lignification {unknown}
 A - a potion of invisibility {unknown}
 D - a potion of cancellation {unknown}
 G - 2 potions of enlightenment {unknown}
 I - a potion of resistance {unknown}
 M - a potion of berserk rage {unknown}
 N - 2 potions of curing


   Skills:
 + Level 14.0 Fighting
 + Level 11.1 Maces & Flails
 + Level 10.8 Throwing
 - Level 4.0 Dodging
 + Level 6.7 Invocations


You had 11 spell levels left.
You didn't know any spells.
Your spell library contained the following spells:

 Spells                   Type           Power      Damage    Failure   Level
 Magic Dart               Conj           0%         1d3       45%         1
 Cigotuvi's Dreadful Rot  Necr/Alch/Air  0%         N/A       58%         2
 Mercury Vapours          Alch/Air       0%         N/A       58%         2
 Scorch                   Fire           0%         2d5       58%         2
 Mephitic Cloud           Conj/Alch/Air  0%         N/A       83%         3
 Flame Wave               Conj/Fire      0%         2d4       99%         4
 Ignite Poison            Fire/Alch      0%         N/A       99%         4
 Freezing Cloud           Conj/Ice/Air   0%         6-21      100%        5
 Summon Cactus Giant      Summ           Unusable   N/A       N/A         6

Dungeon Overview and Level Annotations

Branches:
Dungeon (11/15)            Temple (1/1) D:4
   Lair: D:8-11         Orc: D:9-12

Altars:
Ashenzari
Cheibriados
Dithmenos
Elyvilon
Fedhas
Gozag
Hepliaklqana
Kikubaaqudgha
Makhleb
Nemelex Xobeh
Okawaru
Qazlal
Ru
Sif Muna
Trog
Uskayaw
Vehumet
Wu Jian
Xom
Yredelemnul
Zin
The Shining One

Annotations:
D:8 2 runed translucent doors


Innate Abilities, Weirdness & Mutations

Whenever you drink a potion that restores your health or magic, you attack all enemies around you.
You are too large for most types of armour.
You have a pair of small horns on your head.
You have tough skin. (AC +1)
Whenever you drink a potion that restores your health or magic, it restores twice as much.


Message History

The kobold brigand is heavily wounded.
You feel sick.
The kobold brigand hits you but does no damage.
The kobold brigand hits you with a +0 whip.
You slash the kobold brigand! You freeze the kobold brigand.
You kill the kobold brigand!
Okawaru accepts your kill.
You feel sick. The troll barely misses you.
The troll claws you but does no damage. The troll closely misses you.
You hit the troll but do no damage.
You feel like a meek peon again.
You feel sick. The troll barely misses you. The troll misses you.
The troll claws you.
You closely miss the troll.
You headbutt the troll, but do no damage.
You feel sick. The troll bites you. The troll barely misses you.
The troll claws you but does no damage. The troll bites you!
* * * LOW HITPOINT WARNING * * *
The troll claws you but does no damage. The troll barely misses you.
Okay, then.
Throw: 5 throwing nets
Press: ? - help, Q - select action, (/) - cycle Shift-Dir - straight line, f - troll
Aim: a troll (67% to hit)
You throw a throwing net.
The throwing net closely misses the troll.
You feel sick.
You are no longer poisoned.
The troll bites you!
* * * LOW HITPOINT WARNING * * *
The troll claws you.
* * * LOW HITPOINT WARNING * * *
The troll claws you.
* * * LOW HITPOINT WARNING * * *
Throw: 4 throwing nets
Press: ? - help, Q - select action, (/) - cycle Shift-Dir - straight line, f/p - troll
Aim: a troll (67% to hit)
You throw a throwing net.
The throwing net barely misses the troll.
The troll closely misses you. The troll claws you!
You die...

.......).#
.........#############
......................
.#############...#####
#...# ##..# ### ##..#
#.T##T..#
#..##.oK†#@.#
......oo##..#
####.#o#)#..# #...
.#..# ..#.# ##... ##
.# #.... .# ##### ##


You could see a troll.

Vanquished Creatures
  Erolcha (D:9)
  A two-headed ogre (D:8)
  A centaur warrior (D:8)
  Maurice (D:7)
  A cyclops (D:6)
  Joseph (D:8)
  A kobold demonologist (D:8)
  Maggie (D:9)
  Jeremiah (D:8)
  A queen bee (shapeshifter) (D:8)
  A troll (D:8)
  A hornet (D:11)
  4 tyrant leeches (D:10)
  A slime creature (D:7)
  2 shadows
  Sigmund (D:2)
  A wraith (D:9)
  2 vampires (D:10)
  A warg (D:11)
  17 yaks
  2 steam dragons
  2 vampire mosquitoes (D:10)
  An acid dragon (D:8)
  A water moccasin (D:8)
  2 sky beasts
  Duvessa (D:7)
  6 orc warriors
  3 ogres
  5 centaurs
  2 phantoms
  5 kobold brigands
  5 necrophages (D:4)
  3 bullfrogs (D:7)
  2 gnoll sergeants
  2 scorpions
  7 wights
  Dowan (D:7)
  15 killer bees
  4 howler monkeys
  A bullfrog zombie (D:4)
  Crazy Yiuf (D:7)
  5 hounds
  3 jellies
  9 orc priests
  5 iguanas
  Jessica (D:3)
  Ijyb (D:3)
  11 orc wizards
  3 sleepcaps
  Robin (D:4)
  9 gnolls
  3 adders
  4 white imps
  A bombardier beetle (D:3)
  An adder zombie (D:4)
  2 worms
  2 dart slugs
  55 orcs
  7 ball pythons
  5 endoplasms
  2 giant cockroaches
  17 goblins
  9 hobgoblins
  4 jackals
  38 kobolds
  2 quokkas
  4 bats
  5 frilled lizards
  5 rats
326 creatures vanquished.

Notes
Turn   | Place    | Note
-------+----------+-------------------------------------------
     0 | D:1      | grandjackal the Oni Gladiator began the quest for the Orb.
     0 | D:1      | Reached XP level 1. HP: 22/22 MP: 1/1
   224 | D:1      | Reached XP level 2. HP: 17/29 MP: 2/2
   230 | D:1      | Reached skill level 3 in Fighting
   960 | D:2      | Reached XP level 3. HP: 37/37 MP: 3/3
  1133 | D:2      | Identified the +4 hand axe "Unumay" {distort, rN+}
  1615 | D:2      | Noticed Sigmund
  1624 | D:2      | Killed Sigmund
  1625 | D:2      | Reached skill level 4 in Fighting
  1625 | D:2      | Reached XP level 4. HP: 22/49 MP: 4/4
  1625 | D:2      | Reached XP level 5. HP: 25/55 MP: 5/5
  1930 | D:3      | Found an iron altar of Okawaru.
  1931 | D:3      | Found a hide-covered altar of Uskayaw.
  2114 | D:3      | Found an ancient bone altar of Kikubaaqudgha.
  2290 | D:3      | Found a glowing silver altar of Zin.
  2311 | D:3      | Reached XP level 6. HP: 55/63 MP: 6/6
  2421 | D:3      | Noticed Ijyb
  2435 | D:3      | Killed Ijyb
  2847 | D:3      | Noticed Jessica
  2858 | D:3      | Killed Jessica
  2859 | D:3      | Reached skill level 5 in Fighting
  3028 | D:3      | Found a shimmering blue altar of Sif Muna.
  3030 | D:3      | Found a radiant altar of Vehumet.
  3037 | D:3      | Got Vehumet's Directory of the Missiles
  3142 | D:4      | Noticed Robin
  3296 | D:4      | Killed Robin
  3466 | D:4      | HP: 2/66 [scorpion (3)]
  3644 | D:4      | Reached XP level 7. HP: 72/72 MP: 7/7
  3721 | D:4      | Found a staircase to the Ecumenical Temple.
  3733 | Temple   | Entered the Ecumenical Temple
  4097 | D:4      | Found a blossoming altar of Fedhas.
  4465 | D:4      | Reached skill level 5 in Maces & Flails
  4484 | D:4      | Reached skill level 6 in Fighting
  4673 | D:5      | Entered Level 5 of the Dungeon
  4682 | D:5      | Reached skill level 5 in Throwing
  4682 | D:5      | Reached XP level 8. HP: 65/82 MP: 8/8
  4738 | D:5      | Identified the +6 war axe of Roijuwk {freeze, rC+}
  4866 | D:5      | Reached skill level 7 in Fighting
  5747 | D:6      | Found a shimmering altar of Xom.
  5978 | D:6      | Noticed a cyclops
  5986 | D:6      | Killed a cyclops
  5987 | D:6      | Reached skill level 8 in Fighting
  5987 | D:6      | Reached XP level 9. HP: 20/97 MP: 9/9
  6934 | D:7      | Noticed Dowan
  6935 | D:7      | Reached skill level 9 in Fighting
  7042 | D:7      | Noticed Duvessa
  7048 | D:7      | Killed Duvessa
  7071 | D:7      | Killed Dowan
  7383 | D:7      | Found a runed translucent door.
  7384 | D:7      | Noticed Crazy Yiuf
  7588 | D:7      | Reached skill level 10 in Fighting
  8130 | D:7      | Noticed Maurice
  8132 | D:7      | Maurice stole 9 large rocks
  8135 | D:7      | Something stole a +6 ring of intelligence
  8137 | D:7      | Killed Maurice
  8138 | D:7      | Reached XP level 10. HP: 79/111 MP: 3/10
  8462 | D:7      | Reached skill level 11 in Fighting
  8736 | D:7      | Killed Crazy Yiuf
  9158 | D:8      | Found a large runed translucent door.
  9161 | D:8      | Found a large runed translucent door.
  9487 | D:8      | Reached skill level 12 in Fighting
  9487 | D:8      | Found a bloodstained altar of Trog.
  9773 | D:3      | Became a worshipper of Warmaster Okawaru
 10013 | D:8      | Noticed Jeremiah
 10017 | D:8      | Killed Jeremiah
 10018 | D:8      | Reached skill level 1 in Invocations
 10023 | D:8      | Noticed Joseph
 10031 | D:8      | Killed Joseph
 10461 | D:8      | Found a large runed translucent door.
 10461 | D:8      | Found a large runed translucent door.
 10462 | D:8      | Noticed a kobold demonologist
 10485 | D:8      | Reached XP level 11. HP: 113/123 MP: 12/12
 10521 | D:8      | Reached * piety under Okawaru
 10588 | D:8      | Noticed a two-headed ogre
 10593 | D:8      | Killed a two-headed ogre
 10598 | D:8      | Noticed an entropy weaver
 10600 | D:8      | an entropy weaver changed into a queen bee
 10606 | D:8      | Reached skill level 10 in Maces & Flails
 10632 | D:8      | Noticed a centaur warrior
 10637 | D:7      | HP: 3/124 [bullfrog (6)]
 10955 | D:8      | Killed a centaur warrior
 11758 | D:8      | Reached ** piety under Okawaru
 12081 | D:8      | Found a white marble altar of Elyvilon.
 12316 | D:8      | Reached skill level 10 in Throwing
 12450 | D:9      | Noticed Maggie
 12459 | D:9      | Killed Maggie
 12460 | D:9      | Reached skill level 13 in Fighting
 12498 | D:9      | Noticed Erolcha
 12502 | D:9      | Killed Erolcha
 12732 | D:9      | Found a glowing golden altar of the Shining One.
 12916 | D:9      | Identified the +7 dagger "Eviscerator" {freeze, rC+}
 13006 | D:9      | Reached skill level 5 in Invocations
 13761 | D:10     | Entered Level 10 of the Dungeon
 13910 | D:10     | Found a snail-covered altar of Cheibriados.
 14533 | D:10     | Found the +8 Vampire's Tooth {megavamp}
 14538 | D:10     | Reached *** piety under Okawaru
 14779 | D:10     | Reached XP level 12. HP: 119/137 MP: 16/16
 15337 | D:11     | HP: 2/137 [warg (17)]
 15345 | D:11     | Reached skill level 14 in Fighting
 15350 | D:11     | Slain by a troll

Illustrated notes

Levels and vault maps discovered:
D:1:      lemuel_arrival_tunnels, layout_basic
D:2:      layout_loops_corners, uniq_sigmund
D:3:      layout_basic, grunt_temple_overflow_magic_moments,
          mainiacjoe_overflow_six_doors_small, grunt_temple_overflow_open,
          nicolae_elevator_lobby_asterisk, uniq_ijyb, uniq_jessica
D:4:      minmay_spotlight, layout_cave_pools, fedhas_altar_decomposition,
          minmay_temple_entry_poolview, uniq_robin
D:5:      layout_gridville
D:6:      kennysheep_kobold_camp, layout_loops_ring, kennysheep_mini_moat,
          grunt_decor_one_mirror
D:7:      minmay_slanted_spiral_squares, layout_basic, enter_bailey_2,
          uniq_duvessa, uniq_crazy_yiuf_cottage, uniq_maurice
D:8:      layout_gridville, mainiacjoe_overflow_boulevard,
          mainiacjoe_overflow_cross_hatched, minmay_hollow_rounded_squares,
          uniq_joseph, uniq_jeremiah
D:9:      layout_stronghold, mainiacjoe_overflow_alcove_1, serial_rivers,
          chequers_serial_rivers_micro_c, chequers_serial_rivers_micro_d,
          chequers_serial_rivers_micro_b, chequers_serial_rivers_micro_e,
          chequers_serial_rivers_marsh, chequers_serial_rivers_large_a,
          uniq_erolcha, uniq_maggie
D:10:     layout_stronghold, lemuel_doored_altar,
          minmay_guarded_unrand_vampires_tooth
D:11:     layout_long_grid, dpeg_lair_monsters, erik_orc_3,
          gauntlet_entry_generic, nicolae_guarded_unrand_storm_shield
Temple:   nicolae_temple_two_arcs

Skill      XL: |  1  2  3  4  5  6  7  8  9 10 11 12 |
---------------+-------------------------------------+-----
Fighting       | 3 4 5 6 8 10 12 13 14 | 14.0
Dodging        | 3 4 |  4.0
Maces & Flails | 4 5 6 8 9 10 11 | 11.1
Throwing       | 3 4 5 6 8 9 10 | 10.8
Invocations    | 2 6 |  6.7

Action                     |  1- 3 |  4- 6 |  7- 9 | 10-12 || total
---------------------------+-------+-------+-------+-------++-------
  Melee: Flail             |    96 |   128 |    81 |       ||   305
         Headbutt          |     8 |    21 |    39 |    62 ||   130
         Punch             |     1 |     4 |     4 |     6 ||    15
         War axe           |       |       |   179 |   331 ||   510
  Throw: Large rock        |       |     1 |     1 |    19 ||    21
         Throwing net      |       |       |       |     4 ||     4
 Invoke: Heroism           |       |       |       |     7 ||     7
  Evoke: Wand              |       |     3 |     9 |     5 ||    17
    Use: Potion            |       |     4 |     1 |     6 ||    11
         Scroll            |       |       |       |     1 ||     1
   Stab: Sleeping          |       |     1 |       |       ||     1
         Held in net/web   |       |       |       |     1 ||     1
 Armour: Robe              |    78 |   109 |   153 |       ||   340
         Steam dragon scal |       |       |    89 |   219 ||   308
         Acid dragon scale |       |       |       |   157 ||   157
         Troll leather arm |       |       |       |     3 ||     3
  Dodge: Dodged            |    57 |    77 |   152 |   233 ||   519

Table legend: (Time is in decaauts)
 A = Elapsed time spent in this place.
 B = Non-inter-level travel time spent in this place.
 C = Inter-level travel time spent in this place.
 D = Time resting spent in this place.
 E = Time spent auto-exploring this place.
 F = Levels seen in this place.
 G = Mean time per level.
                   A        B        C        D        E       F      G
               +--------+--------+--------+--------+--------+-----+--------+
         Total |  15549 |  14913 |    636 |   5418 |   7256 |  12 | 1295.8 |
       Dungeon |  15503 |  14867 |    636 |   5418 |   7256 |  11 | 1409.4 |
        Temple |     45 |     45 |      0 |      0 |      0 |   1 |   45.0 |
               +--------+--------+--------+--------+--------+-----+--------+

Top non-repeatable levels by time:
     D:7: 2921 daAuts
     D:8: 2438 daAuts
     D:3: 1866 daAuts
     D:6: 1651 daAuts
     D:9: 1508 daAuts
    D:10: 1346 daAuts
     D:4: 1110 daAuts
     D:2: 988 daAuts
     D:1: 840 daAuts
     D:5: 756 daAuts
    D:11: 75 daAuts
  Temple: 45 daAuts
